 Dungeon Crawl Stone Soup version 0.30-a0-305-g026cb31310 (webtiles) character file.

Game seed: 9024379736702278027

17 timneilson the Covered (level 2, -1/19 HPs)
             Began as a Gargoyle Fighter on Oct 22, 2022.
             Slain by a gnoll
             ... wielding a +0 flail
              (5 damage)
             ... on level 1 of the Dungeon.
             The game lasted 00:02:12 (890 turns).

timneilson the Covered (Gargoyle Fighter)            Turns: 890, Time: 00:02:12

Health: -1/19      AC: 10    Str: 19    XL:     2   Next: 62%
Magic:  2/2        EV:  9    Int:  8    God:
Gold:   80         SH:  5    Dex:  9    Spells: 1/1 levels left

rFire   . . .      SeeInvis .    a - +0 long sword (vorpal)
rCold   . . .      Faith    .    c - +1 buckler
rNeg    + . .      Spirit   .    b - +0 scale mail
rPois   ∞          Reflect  .    j - +0 helmet
rElec   +          Harm     .    (no cloak)
rCorr   .          Rampage  .    (no gloves)
Will    .....                    (no boots)
Stlth   ..........               (no amulet)
HPRegen 0.23/turn                (no ring)
MPRegen 0.08/turn                (no ring)

@: no status effects
A: sickness immunity, AC +2, negative energy resistance 1, electricity
resistance, torment resistance 1, petrification resistance
a: no special abilities


You were on level 1 of the Dungeon.
You visited 1 branch of the dungeon, and saw 2 of its levels.

You collected 80 gold pieces.

Inventory:

Hand Weapons
 a - a +0 vorpal long sword (weapon)
Armour
 b - a +0 scale mail (worn)
 c - a +1 buckler (worn)
 j - a +0 helmet (worn)
Potions
 d - 2 potions of might
 f - a potion of invisibility
 g - a potion of brilliance {unknown}
 l - a potion of cancellation {unknown}


   Skills:
 + Level 3.4 Fighting
 * Level 2.1 Long Blades
 * Level 3.5 Armour
 + Level 0.2 Dodging
 * Level 3.5 Shields


You had one spell level left.
You didn't know any spells.
Your spell library was empty.

Dungeon Overview and Level Annotations

Branches:
Dungeon (2/15)

Altars:


Innate Abilities, Weirdness & Mutations

You are immune to sickness and miasma.
Your stone body is resilient. (AC +2)
You are immune to poison.
You resist negative energy. (rN+)
You are resistant to electric shocks. (rElec)
You are resistant to unholy torment.
You are immune to petrification.


Message History

a - a +0 vorpal long sword (weapon)
As you read the scroll labelled ADUPLU ETTIQ, it crumbles to dust.
It is a scroll of enchant armour.
Your +0 buckler glows green for a moment.
Done exploring.
As you read the scroll labelled XACOGI MINOM, it crumbles to dust.
Magic quickly surges around you.
It was a scroll of vulnerability.
There is an open door here.
You see here a +0 club.
There is a stone staircase leading down here.
You start waiting.
You feel your willpower return.
You climb downwards.
The gnoll shouts! x4
Found 6 gold pieces, a ring mail and a potion of might.
There is a stone staircase leading up here.
The gnoll falls through a shaft!
The shaft crumbles and collapses.
You block the gnoll's attack. The gnoll closely misses you.
You block the gnoll's attack.
You climb upwards.
There is a stone staircase leading down here.
You closely miss the gnoll. The gnoll hits you with a +0 flail!
You hit the gnoll.
The gnoll is moderately wounded.
You block the gnoll's attack.
You barely miss the gnoll.
The gnoll is moderately wounded.
You block the gnoll's attack.
You barely miss the gnoll.
The gnoll is moderately wounded.
The gnoll hits you with a +0 flail. You block the gnoll's attack.
You barely miss the gnoll.
The gnoll is moderately wounded.
The gnoll hits you with a +0 flail.
* * * LOW HITPOINT WARNING * * *
You hit the gnoll.
The gnoll is heavily wounded.
The gnoll hits you with a +0 flail.
You die...

#.#### #.....#####.# #.#
#.# #.###...#...# #.#
#.#######.#####.#.### #.#
#.................# #.#
#########.##...#.#######.#
##.................####
#..........#######.....
#.....g....# #.####
#....#@..#.# #..#
##.>..#...#.# ##.#
#........##.# #.#
#...........# #.#
#.......###.# ##.##
##....### #.#######...##
#....# #...........#~
#.#.## #.#######...~≈
#.#.######.# ##..≈~


You could see a gnoll.

Vanquished Creatures
  A bat (D:1)
  An endoplasm (D:1)
  A giant cockroach (D:1)
  5 hobgoblins (D:1)
  2 ball pythons (D:1)
  2 frilled lizards (D:1)
  2 kobolds (D:1)
  2 rats (D:1)
16 creatures vanquished.

Notes
Turn   | Place    | Note
-------+----------+-------------------------------------------
     0 | D:1      | timneilson the Gargoyle Fighter began the quest for the
                  | Orb.
     0 | D:1      | Reached XP level 1. HP: 14/14 MP: 1/1
    79 | D:1      | Found a faded altar of an unknown god.
   280 | D:1      | Reached XP level 2. HP: 19/19 MP: 2/2
   890 | D:1      | Slain by a gnoll

Illustrated notes

Levels and vault maps discovered:
D:1:      minmay_arrival_four_loops, layout_loops_ring, basic_ecumenical_altar,
          serial_rivers, chequers_serial_rivers_room_a,
          chequers_serial_rivers_room_b, chequers_serial_rivers_small_a,
          chequers_serial_rivers_micro_d, chequers_serial_rivers_micro_e
D:2:      layout_rooms, basic_altar

Skill      XL: |  1  2 |
---------------+-------+-----
Long Blades    | 2 |  2.1
Fighting       | |  3.4
Armour         | |  3.5
Dodging        | |  0.2
Shields        | |  3.5

Action                   || total
-------------------------++-------
Melee: Long sword        ||    66
  Use: Scroll            ||     4
Armor: Scale mail        ||    20
Dodge: Dodged            ||    31
Block: Buckler           ||    18

Table legend: (Time is in decaauts)
 A = Elapsed time spent in this place.
 B = Non-inter-level travel time spent in this place.
 C = Inter-level travel time spent in this place.
 D = Time resting spent in this place.
 E = Time spent auto-exploring this place.
 F = Levels seen in this place.
 G = Mean time per level.
                   A        B        C        D        E       F      G
               +--------+--------+--------+--------+--------+-----+--------+
         Total |    913 |    878 |     35 |     13 |    619 |   2 |  456.5 |
       Dungeon |    913 |    878 |     35 |     13 |    619 |   2 |  456.5 |
               +--------+--------+--------+--------+--------+-----+--------+

Top non-repeatable levels by time:
     D:1: 908 daAuts
     D:2: 5 daAuts
